 Dungeon Crawl Stone Soup version 0.31-a0-1172-g9944ec47dd (webtiles) character file.

Game seed: 11385163227761467311

975 qw the Skirmisher (level 8, -1/48 HPs)
             Began as a Gargoyle Hunter on Dec 10, 2023.
             Was a Follower of Okawaru.
             Slain by a wraith (5 damage)
             ... in an ossuary.
             The game lasted 00:02:04 (4464 turns).

qw the Skirmisher (Gargoyle Hunter)                 Turns: 4464, Time: 00:02:04

Health: -1/48      AC: 13    Str: 14    XL:     8   Next: 16%
Magic:  10/10      EV: 13    Int: 11    God:    Okawaru [*.....]
Gold:   285        SH:  0    Dex: 15    Spells: 7/7 levels left

rFire   + . .        a - +1 shortbow
rCold   . . .        (shield currently unavailable)
rNeg    + . .        i - +0 robe {Will+}
rPois   inf          (no helmet)
rElec   +            (no cloak)
rCorr   .            c - +3 pair of gloves of Terror {rF+ Will+}
SInv    .            h - +1 pair of boots
Will    ++...        (no amulet)
Stlth   ++           (no ring)
HPRegen 0.28/turn    (no ring)
MPRegen 0.12/turn

%: no passive effects
@: slowed, very slow
A: sickness immunity, AC +5, negative energy resistance 1, electricity
resistance, torment resistance 1, petrification resistance
a: Renounce Religion, Heroism


You were in an ossuary.
You worshipped Okawaru.
Okawaru was aware of your devotion.
You visited 1 branch of the dungeon, and saw 5 of its levels.
You also visited: Ossuary.

You collected 285 gold pieces.


Innate Abilities, Weirdness & Mutations

You are immune to sickness and miasma.
Your stone body is resilient. (AC +5)
You are immune to poison.
You resist negative energy. (rN+)
You are resistant to electric shocks. (rElec)
You are resistant to unholy torment.
You are immune to petrification.


   Skills:
 + Level 4.7 Fighting
 - Level 8.0 Ranged Weapons
 - Level 1.4 Armour
 - Level 2.9 Dodging
 - Level 1.1 Stealth
 + Level 3.1 Invocations


You had 7 spell levels left.
You didn't know any spells.
Your spell library was empty.

Inventory:

Hand Weapons
 a - a +1 shortbow (weapon)
Armour
 c - the +3 pair of gloves of Terror (worn) {rF+ Will+}
   (You found it on level 4 of the Dungeon)

   rF+:       It protects you from fire.
   Will+:     It increases your willpower.
 d - a +0 ring mail
 h - a +1 pair of boots (worn)
 i - a +0 robe of willpower (worn)
Jewellery
 l - a ring of ice
Wands
 m - a wand of flame (63)
 s - a wand of charming (14)
Scrolls
 r - 2 scrolls of identify
Potions
 b - a potion of might {unknown}
 f - 2 potions of curing
 g - 3 potions of haste
 j - 2 potions of attraction {unknown}
 k - a potion of mutation {unknown}
 n - 2 potions of cancellation {unknown}
 o - a potion of resistance
 q - a potion of enlightenment {unknown}

Dungeon Overview and Level Annotations

Branches:
Dungeon (5/15)            Ossuary (1/1)
 Temple: D:4-7

Altars:
Kikubaaqudgha
Okawaru
Vehumet
Wu Jian
Zin

Annotations:
D:4 1 runed translucent door, Crazy Yiuf
D:5 2 transporters, qw's ghost, amateur GrHu


Message History

You feel as though you will be slow longer.
The wraith hits you.
4455 ||| READING scroll of teleportation.
As you read the scroll of teleportation, it crumbles to dust.
You feel strangely unstable. The wraith closely misses you.
4456 ||| DRINKING potion of heal wounds.
You feel much better. The wraith hits you but does no damage.
The wraith misses you.
You shoot an arrow. The arrow hits the wraith.
The wraith is severely damaged.
Your surroundings seem slightly different.
You shoot an arrow.
The arrow hits the wraith but does no damage.
The wraith is severely damaged.
The wraith hits you but does no damage.
You shoot an arrow.
The arrow hits the wraith but does no damage.
The wraith is severely damaged.
The wraith barely misses you.
You shoot an arrow.
The arrow hits the wraith but does no damage.
The wraith is severely damaged.
The wraith hits you but does no damage. The wraith barely misses you.
You shoot an arrow. The arrow closely misses the wraith.
The wraith hits you but does no damage.
You shoot an arrow.
The arrow hits the wraith but does no damage.
The wraith is heavily damaged.
The wraith hits you! The wraith drains your vigour!
You feel as though you will be slow longer.
The wraith barely misses you.
You shoot an arrow. The arrow hits the wraith.
The wraith is severely damaged.
The wraith hits you!
You shoot an arrow.
The arrow hits the wraith but does no damage.
The wraith is severely damaged.
The wraith hits you.
You die...

#################
#...............#
#.'##..###..##).#
#.#.#..#z#..#.#.# ######## ###
#W###..###..###.# ##.....# #z#
#@..............#
##.8?8.#########.###.......###.#
.'.......'.....'.#z#..?!!..#z#.#
##.8.8.#########.###.......###.#
##.....# #W# #...............#
######## ### #.###..###..###.#
#.# #..#z#..#.#.#
#.+##..###..##).#
#...............#


You could see a wraith.

Vanquished Creatures
  Eustachio (D:5)
  A black bear (D:5)
  An ogre (D:5)
  3 wights (Ossuary)
  A jelly (D:5)
  2 hounds
  Jessica (D:2)
  2 sleepcaps
  Ijyb (D:3)
  Natasha (twice) (D:3)
  2 iguanas
  3 gnolls (D:3)
  5 adders
  2 adder zombies (Ossuary)
  4 worms
  2 dart slugs
  12 orcs
  3 endoplasms
  2 giant cockroaches (D:1)
  12 hobgoblins
  7 jackals
  5 quokkas
  4 ball pythons
  2 ball python skeletons (Ossuary)
  4 bats
  6 frilled lizards
  8 goblins
  A hobgoblin zombie (Ossuary)
  9 kobolds
  A kobold zombie (Ossuary)
  2 orc skeletons (Ossuary)
  5 rats
116 creatures vanquished.

Notes
Turn   | Place    | Note
-------+----------+-------------------------------------------
     0 | D:1      | qw the Gargoyle Hunter began the quest for the Orb.
     0 | D:1      | Reached XP level 1. HP: 12/12 MP: 1/1
     0 | D:1      | 0 ||| qw: Version: 0.3-a-106-gc739b70
     0 | D:1      | 0 ||| qw: Game counter: 1948
     0 | D:1      | 0 ||| qw: Melee chars always use a shield: true
     0 | D:1      | 0 ||| qw: God list: Okawaru
     0 | D:1      | 0 ||| qw: Allow faded altars: false
     0 | D:1      | 0 ||| qw: Do Orc after clearing Dungeon:15 true
     0 | D:1      | 0 ||| qw: Do second Lair branch before Depths: true
     0 | D:1      | 0 ||| qw: Lair rune preference: random
     0 | D:1      | 0 ||| qw: Goals: Normal, Save, Zot:1-4, Win
     0 | D:1      | 0 ||| PLANNING D:1-11
   104 | D:1      | Reached XP level 2. HP: 13/17 MP: 2/2
   333 | D:1      | Found a faded altar of an unknown god.
   386 | D:1      | Reached XP level 3. HP: 18/21 MP: 3/3
   397 | D:1      | Reached skill level 5 in Ranged Weapons
   861 | D:1      | 861 ||| UPGRADING to +0 pair of boots.
   866 | D:1      | 866 ||| READING 3 scrolls labelled AFEXESU MATEVA.
   866 | D:1      | 866 ||| IDENTIFYING murky sapphire potion
   867 | D:1      | 867 ||| READING 2 scrolls of identify.
   867 | D:1      | 867 ||| IDENTIFYING fuming puce potion
   868 | D:1      | 868 ||| READING scroll of identify.
   868 | D:1      | 868 ||| IDENTIFYING blue potion
   869 | D:1      | 869 ||| DRINKING 2 brown potions.
   870 | D:1      | 870 ||| DROPPING scroll of butterflies.
   871 | D:1      | 871 ||| DROPPING potion of brilliance.
  1031 | D:2      | Reached skill level 3 in Fighting
  1037 | D:2      | Noticed Jessica
  1045 | D:2      | Killed Jessica
  1046 | D:2      | Reached XP level 4. HP: 19/28 MP: 4/4
  1069 | D:2      | 1069 ||| FLEEEEING.
  1168 | D:2      | Reached XP level 5. HP: 32/32 MP: 5/5
  1278 | D:2      | Reached skill level 6 in Ranged Weapons
  1457 | D:2      | 1457 ||| UPGRADING to +0 ring mail.
  1467 | D:2      | 1467 ||| DROPPING +0 leather armour.
  1468 | D:2      | 1468 ||| UPGRADING to +0 robe of willpower.
  1478 | D:2      | 1478 ||| READING scroll labelled LYXONOC ITUSEK.
  1652 | D:3      | Noticed Ijyb
  1662 | D:3      | HP: 7/32 [Ijyb/+0 dagger (2)]
  1663 | D:3      | 1663 ||| DRINKING 2 potions of heal wounds.
  1672 | D:3      | Killed Ijyb
  1983 | D:3      | Found a radiant altar of Vehumet.
  2100 | D:3      | Noticed Natasha
  2111 | D:3      | Killed Natasha
  2112 | D:3      | Reached XP level 6. HP: 36/38 MP: 6/6
  2164 | D:3      | Noticed Natasha
  2171 | D:3      | Killed Natasha
  2286 | D:3      | Found an ornate altar of the Wu Jian Council.
  2293 | D:3      | 2293 ||| READING scroll of identify.
  2293 | D:3      | 2293 ||| IDENTIFYING ruby potion
  2294 | D:3      | 2294 ||| READING scroll labelled UTUUNL PEUNGU.
  2294 | D:3      | 2294 ||| ENCHANTING +0 shortbow.
  2295 | D:3      | 2295 ||| READING 2 scrolls labelled ZEORUT JUNY.
  2296 | D:3      | 2296 ||| READING scroll labelled GYBROU YREADGHU.
  2327 | D:3      | 2327 ||| READING scroll labelled FEXUWK DUCS.
  2332 | D:3      | 2332 ||| DROPPING scroll of amnesia.
  2333 | D:3      | 2333 ||| DROPPING potion of degeneration.
  2503 | D:4      | Identified the +3 pair of gloves of Terror {rF+ Will+}
  2914 | D:4      | Found a runed translucent door.
  2915 | D:4      | Noticed Crazy Yiuf
  2943 | D:4      | Found an iron altar of Okawaru.
  2944 | D:4      | 2944 ||| PLANNING OKAWARU WORSHIP
  2944 | D:4      | 2944 ||| UPGRADING to +3 pair of gloves of Terror {rF+
                  | Will+}.
  2949 | D:4      | 2949 ||| READING scroll of identify.
  2949 | D:4      | 2949 ||| IDENTIFYING silvery potion
  2950 | D:4      | 2950 ||| READING scroll labelled QESIOP FEZOY.
  2950 | D:4      | 2950 ||| ENCHANTING +0 pair of boots.
  2951 | D:4      | 2951 ||| READING scroll labelled PUDEYPH NOFI.
  2952 | D:4      | 2952 ||| READING 3 scrolls labelled GIWIWO WYUCS.
  2953 | D:4      | 2953 ||| READING scroll labelled PEHE OHALUTEO.
  3054 | D:4      | 3054 ||| DROPPING potion of lignification.
  3055 | D:4      | 3055 ||| DROPPING 2 scrolls of blinking.
  3063 | D:4      | Became a worshipper of Warmaster Okawaru
  3064 | D:4      | 3064 ||| PLANNING D:1-11
  3120 | D:4      | Reached skill level 1 in Armour
  3315 | D:4      | 3315 ||| READING scroll of identify.
  3315 | D:4      | 3315 ||| IDENTIFYING bubbling silvery potion
  3356 | D:5      | Entered Level 5 of the Dungeon
  3357 | D:5      | 3357 ||| PLANNING SEWER
  3390 | D:5      | Noticed Eustachio
  3396 | D:5      | 3396 ||| Stepping ~*~*~tactically~*~*~ (retreating).
  3397 | D:5      | 3397 ||| Stepping ~*~*~tactically~*~*~ (retreating).
  3398 | D:5      | 3398 ||| RETREEAATING.
  3399 | D:5      | 3399 ||| STILL RETREEAATING.
  3410 | D:5      | Reached skill level 7 in Ranged Weapons
  3414 | D:5      | HP: 9/38 [Eustachio/+0 rapier (3)]
  3415 | D:5      | 3415 ||| DRINKING potion of heal wounds.
  3421 | D:5      | Killed Eustachio
  3422 | D:5      | Reached XP level 7. HP: 33/43 MP: 7/7
  3589 | D:5      | Reached * piety under Okawaru
  3657 | D:5      | Found a sand-covered staircase.
  3677 | D:5      | Found a transporter.
  3680 | D:5      | Noticed qw's ghost (amateur GrHu)
  3703 | D:5      | Found an ancient bone altar of Kikubaaqudgha.
  3717 | D:5      | Reached skill level 1 in Invocations
  3827 | D:5      | Found a transporter.
  3886 | D:5      | Found a glowing silver altar of Zin.
  4027 | D:5      | 4027 ||| RIP SEWER
  4048 | D:5      | 4048 ||| PLANNING OSSUARY
  4085 | Ossuary  | Entered an ossuary
  4159 | Ossuary  | Reached skill level 8 in Ranged Weapons
  4176 | Ossuary  | Reached XP level 8. HP: 35/48 MP: 9/9
  4238 | Ossuary  | Noticed a flying skull
  4238 | Ossuary  | Noticed a wraith
  4251 | Ossuary  | Noticed a flying skull
  4259 | Ossuary  | Noticed a flying skull
  4268 | Ossuary  | Noticed a flying skull
  4278 | Ossuary  | Noticed a flying skull
  4345 | Ossuary  | Reached skill level 3 in Invocations
  4431 | Ossuary  | Noticed a wraith
  4454 | Ossuary  | HP: 7/48 [wraith (8)]
  4454 | Ossuary  | HP: 2/48 [wraith (5)]
  4455 | Ossuary  | 4455 ||| READING scroll of teleportation.
  4456 | Ossuary  | 4456 ||| DRINKING potion of heal wounds.
  4463 | Ossuary  | HP: 3/48 [wraith (11)]
  4464 | Ossuary  | Slain by a wraith

Levels and vault maps discovered:
D:1:      ebering_hopf_link, layout_basic, basic_ecumenical_altar
D:2:      layout_rooms, small_statue_intersection, minmay_close_crescents,
          uniq_jessica
D:3:      layout_loops_ring, lemuel_tele_altar,
          pdpol_wu_jian_five_deadly_venoms, hangedman_glass_teeth, uniq_ijyb,
          uniq_natasha
D:4:      layout_basic, okawaru_trees_1, serial_forest, infiniplex_forest_end_2,
          infiniplex_forest_lined_2, infiniplex_forest_straight_5,
          infiniplex_forest_end_1, dreamdust_wishing_well,
          uniq_crazy_yiuf_cottage
D:5:      layout_cave_pools, zin_treasury, lemuel_coloured_pillars_altar,
          mainiacjoe_overflow_concentric_impassable, gup_sewer_entry_bubbles,
          enter_ossuary_2, gammafunk_ghost_mausoleum, st_stairs_7,
          uniq_eustachio
Ossuary:  ossuary_due_cavern

Skill      XL: |  1  2  3  4  5  6  7  8 |
---------------+-------------------------+-----
Ranged Weapons | 5 6 7 8 |  8.0
Fighting       | 3 4 |  4.7
Armour         | 1 |  1.4
Dodging        | 2 |  2.9
Invocations    | 2 3 |  3.1
Stealth        | |  1.1

Action                     |  1- 3 |  4- 6 |  7- 9 || total
---------------------------+-------+-------+-------++-------
   Fire: Shortbow          |   130 |   265 |   148 ||   543
    Use: Scroll            |     3 |    12 |     1 ||    16
         Potion            |     1 |     2 |     1 ||     4
 Armour: Leather armour    |    59 |    13 |       ||    72
         Robe              |       |    94 |    73 ||   167
  Dodge: Dodged            |    50 |    93 |    61 ||   204

Table legend:
 A = Non-vault XP
 B = Vault XP
 C = Vault XP percentage of total XP
 D = Non-vault monster count
 E = Vault monster count
 F = Vault count percentage of total count
                 A         B        C        D         E       F
            +---------+---------+-------+---------+---------+-------
      Total |     646 |     748 |  53.7 |      92 |      24 |  20.7
            +---------+---------+-------+---------+---------+-------
        D:1 |      44 |       0 |   0.0 |      26 |       0 |   0.0
        D:2 |      97 |      57 |  37.0 |      25 |       5 |  16.7
        D:3 |      93 |      71 |  43.3 |      11 |       2 |  15.4
        D:4 |     149 |       0 |   0.0 |      23 |       0 |   0.0
        D:5 |     263 |     370 |  58.5 |       7 |       6 |  46.2
    Ossuary |       0 |     250 | 100.0 |       0 |      11 | 100.0
            +---------+---------+-------+---------+---------+-------
